 Dungeon Crawl Stone Soup version 0.31-a0-986-g5e6e4ef867 (webtiles) character file.

Game seed: 8395082015620788534

29 Adrian566 the Covered (level 2, 0/25 HPs)
             Began as a Demigod Fighter on Nov 11, 2023.
             Slain by Sigmund
             ... wielding a +6 heavy scythe
              (7 damage)
             ... on level 2 of the Dungeon.
             The game lasted 00:00:39 (448 turns).

Adrian566 the Covered (Demigod Fighter)              Turns: 448, Time: 00:00:40

Health: 0/25       AC:  6    Str: 17    XL:     2   Next: 81%
Magic:  4/4        EV:  9    Int: 10    God:
Gold:   61         SH:  4    Dex: 13    Spells: 1/1 levels left

rFire   . . .        a - +0 war axe
rCold   . . .        c - +0 buckler
rNeg    + . .        b - +0 scale mail
rPois   .            (no helmet)
rElec   .            (no cloak)
rCorr   .            (no gloves)
SInv    +            (no boots)
Will    .....        (no amulet) Stlth
                     e - ring of positive energy
HPRegen 0.24/turn    (no ring)
MPRegen 0.09/turn

%: no passive effects
@: no status effects
A: high MP 1, forlorn, divine attributes
a: no special abilities


You were on level 2 of the Dungeon.
You visited 1 branch of the dungeon, and saw 2 of its levels.

You collected 61 gold pieces.

Inventory:

Hand Weapons
 a - a +0 war axe (weapon)
Armour
 b - a +0 scale mail (worn)
 c - a +0 buckler (worn)
Jewellery
 e - a ring of positive energy (left hand)
Scrolls
 h - a scroll of identify {unknown}
Potions
 d - a potion of might
 f - 2 potions of haste {unknown}
 i - a potion of heal wounds {unknown}


   Skills:
 + Level 2.7 Fighting
 * Level 2.4 Axes
 + Level 3.2 Armour
 + Level 2.9 Shields


You had one spell level left.
You didn't know any spells.
Your spell library contained the following spells:

 Spells                   Type           Power      Damage    Failure   Level
 Sublimation of Blood     Necr           0%         N/A       94%         2
 Petrify                  Tmut/Erth      0%         N/A       100%        4
 Irradiate                Conj/Tmut      0%         3d11      100%        5


Dungeon Overview and Level Annotations

Branches:
Dungeon (2/15)

Annotations:
D:2 Sigmund


Innate Abilities, Weirdness & Mutations

You have an increased reservoir of magic. (+10% MP)
You shall have no god before yourself.
Your divine heritage dramatically boosts your attributes as you level up.


Message History

You see here a ball python corpse.
Found a book of Alchemy, a scroll labelled RYZIBOGAUPP and a leather armour.
Found a leather armour.
The adder barely misses you.
You hit the adder but do no damage. The adder barely misses you.
You miss the adder. The adder barely misses you.
The adder bites you but does no damage.
You slash the adder!
You kill the adder!
No target in view!
No target in view!
No target in view!
No target in view!
No target in view!
No target in view!
No target in view!
No target in view!
No target in view!
No target in view!
No target in view!
No target in view!
You now have 61 gold pieces (gained 6).
You pick up a book of Alchemy and begin reading...
You add the spells Sublimation of Blood, Petrify and Irradiate to your library.
j - a scroll labelled RYZIBOGAUPP You see here an orb of wrath.
Sigmund and a kobold come into view.
Sigmund is wielding a +6 heavy scythe.
The kobold shouts!
Sigmund hits you from afar with a +6 heavy scythe!!
Ouch! That really hurt!
* * * LOW HITPOINT WARNING * * *
You block the kobold's attack.
As you read the scroll labelled LYTU ONUONAM, it crumbles to dust.
It is a scroll of amnesia.
You feel forgetful for a moment. You block the kobold's attack.
As you read the scroll labelled RYZIBOGAUPP, it crumbles to dust.
You feel aware of your surroundings.
It was a scroll of revelation.
The kobold hits you but does no damage.
Sigmund hits you from afar with a +6 heavy scythe!
You die...
Sigmund begins carving another notch in his scythe.

*,,,,,,,,* *****,,,,,*
*********###############*******,,
###############*,,,,****
#################*,,,,*
#...#############*,,,,*
#...#############*,,,,*
#####.........#######*,,,,*
#[........###.#######*,,,,*
#.........###@...####*,,,,*
#.........###K...####*,,,,****
#[........###..@.####**'*,,,,.
#...[.....###....####**'*****.
#.........###........,,,,,,**.
####.....####........,,,,,,**,
#.....####...^....,,,,,,**,
#.....#####.......,,,,,,***
#...†.# **+#,,,,,,,,,,*


You could see Sigmund and a kobold.

Vanquished Creatures
  2 adders (D:2)
  A worm (D:2)
  4 ball pythons
  A bat (D:1)
  A kobold (D:1)
  3 rats (D:2)
12 creatures vanquished.

Notes
Turn   | Place    | Note
-------+----------+-------------------------------------------
     0 | D:1      | Adrian566 the Demigod Fighter began the quest for the Orb.
     0 | D:1      | Reached XP level 1. HP: 18/18 MP: 3/3
   197 | D:1      | You fall into a shaft and drop 1 floor!
   377 | D:2      | Reached XP level 2. HP: 25/25 MP: 4/4
   380 | D:2      | Reached skill level 3 in Armour
   444 | D:2      | Noticed Sigmund
   448 | D:2      | Slain by Sigmund

Illustrated notes

Levels and vault maps discovered:
D:1:      dpeg_arrival_houses_and_road, layout_loops_ring
D:2:      layout_basic, uniq_sigmund

Skill      XL: |  1  2 |
---------------+-------+-----
Axes           | 2 |  2.4
Armour         | 3 |  3.2
Fighting       | |  2.7
Shields        | |  2.9

Action                     || total
---------------------------++-------
  Melee: War axe           ||    30
    Use: Scroll            ||     2
 Armour: Scale mail        ||    21
  Dodge: Dodged            ||    16
  Block: Buckler           ||     5

Table legend: (Time is in decaauts)
 A = Elapsed time spent in this place.
 B = Non-inter-level travel time spent in this place.
 C = Inter-level travel time spent in this place.
 D = Time resting spent in this place.
 E = Time spent auto-exploring this place.
 F = Levels seen in this place.
 G = Mean time per level.
                   A        B        C        D        E       F      G
               +--------+--------+--------+--------+--------+-----+--------+
         Total |    460 |    460 |      0 |      0 |    369 |   2 |  230.0 |
       Dungeon |    460 |    460 |      0 |      0 |    369 |   2 |  230.0 |
               +--------+--------+--------+--------+--------+-----+--------+

Top non-repeatable levels by time:
     D:2: 260 daAuts
     D:1: 199 daAuts
